[Event "Early-Titled-Tuesday-Blitz-May-28-2024"]
[Site "Chess.com"]
[Date "2024.05.28"]
[Round "10"]
[White "Connectedcloud"]
[Black "gpsji27"]
[Result "1-0"]
[WhiteElo "2216"]
[BlackElo "2297"]
[TimeControl "180+1"]
[EndTime "9:58:14 PDT"]
[Termination "Connectedcloud won by checkmate"]

1. d4 d5 2. c4 e6 3. Nf3 Nf6 4. g3 Be7 5. Bg2 O-O 6. O-O dxc4 7. Qc2 a6 8. a4 Bd7 9. Qxc4 Bc6 10. Bg5 Bd5 11. Qc2 Be4 12. Qc1 Nc6 13. Nbd2 Bg6 14.
e3 Nd5 15. Bxe7 Qxe7 16. Nc4 Ncb4 17. Nfe5 c5 18. Nxg6 hxg6 19. e4 Nd3 20. Qd2 N5b4 21. d5 exd5 22. exd5 Rad8 23. Ra3 b5 24. Ne3 c4 25.
axb5 axb5 26. h4 Qc5 27. Qe2 Rfe8 28. h5 Nxd5 29. hxg6 fxg6 30. Bxd5+ Rxd5 31. Qg4 Rde5 32. Qxg6 Rf8 33. Ng4 Re7 34. Rxd3 cxd3 35. Qxd3 Ref7 36.
Qg6 Rf3 37. Qe6+ Kh8 38. Kg2 R3f7 39. Qg6 Qd5+ 40. f3 Rxf3 41. Rh1+ Kg8 42. Nh6+ Kh8 43.
Nf7+ Kg8 44. Rh8# 1-0

[Event "Early-Titled-Tuesday-Blitz-May-28-2024"]
[Site "Chess.com"]
[Date "2024.05.28"]
[Round "10"]
[White "GMAneta"]
[Black "ChrisTool2"]
[Result "1/2-1/2"]
[WhiteElo "2506"]
[BlackElo "2375"]
[TimeControl "180+1"]
[EndTime "9:58:15 PDT"]
[Termination "Game drawn by repetition"]

1. e4 c5 2. d4 cxd4 3. c3 Nf6 4. e5 Nd5 5. cxd4 e6 6. Nf3 Nc6 7. Nc3 Nxc3 8. bxc3 d6 9. exd6 Bxd6 10. Bd3 Qa5 11. Bd2 Qh5 12. Qa4 O-O 13. O-O e5 14. d5 Ne7 15. h3 Bxh3 16. gxh3 Qxf3 17. Qe4 Qxh3 18. c4 f5 19. Qe3 Qg4+ 20. Kh1 e4 21. Rg1 Qh5+ 22. Kg2 exd3 23. Qe6+ Kh8 24. Qxd6 Ng6 25. Rae1 Qg4+ 26. Kf1 Qh3+ 27. Rg2 Nh4 28. Qg3 Qxg2+ 29. Qxg2 Nxg2 30. Kxg2 Rac8 31. Bb4 Rfd8 32. d6 Kg8 33. c5 b6 34. cxb6 axb6 35. Re7 Rc4 36.
d7 Rg4+ 37. Kf3 Rxd7 38. Rxd7 Rxb4 39. Rxd3 Kf7 40. Rd7+ Kg6 41. Rb7 h5 42. a4 Kf6 43.
Kg2 h4 44. Kh3 g5 45. f3 Ke5 46. Ra7 Kf4 47. a5 bxa5 48. Rxa5 Rb3 49. Kg2 h3+ 50.
Kxh3 Rxf3+ 51. Kg2 Rg3+ 52. Kf2 Rb3 53. Ra4+ Ke5 54.
Ra5+ Kf6 55. Ra6+ Ke5 56. Ra5+ Ke4 57. Ra4+ Kd5 58. Ra5+ Ke4 59. Ra4+ Ke5 60. Ra5+ 1/2-1/2

[Event "Early-Titled-Tuesday-Blitz-May-28-2024"]
[Site "Chess.com"]
[Date "2024.05.28"]
[Round "10"]
[White "JanMur7"]
[Black "luachess1"]
[Result "1-0"]
[WhiteElo "2285"]
[BlackElo "1807"]
[TimeControl "180+1"]
[EndTime "9:58:17 PDT"]
[Termination "JanMur7 won by resignation"]

1. c4 c5 2. Nc3 Nc6 3. g3 g6 4.
Bg2 Bg7 5. e3 d6 6. Nge2 Nf6 7.
O-O O-O 8. d4 cxd4 9. exd4 Bd7 10. Nf4 Rb8 11. Be3 a6 12. a4 e6 13. d5 Ne5 14.
dxe6 Bxe6 15. b3 Qc7 16. Rc1 Rfd8 17. Ncd5 Bxd5 18. Nxd5 Nxd5 19. Qxd5 Nc6 20. Rfd1 Be5 21. h4 Nb4 22. Qd2 Qa5 23. h5 Nc6 24. Qxa5 Nxa5 25. Bb6 Nxb3 26. Rb1 Nc5 27. Bxd8 Rxd8 28. hxg6 hxg6 29.
Bxb7 Rb8 30. Bc6 Rc8 31. Bd5 Ne6 32. Bxe6 fxe6 33. Rb6 Rxc4 34. Rxa6 Rc5 35. Rb1 Bc3 36. Rb7 Rc8 37. Rxd6 Re8 38. Rdb6 Ba5 39. Rb8 Kf7 40.
Rxe8 Kxe8 41. Rxe6+ Kf7 42. Re5 Bc7 43. Rb5 Kf6 44.
a5 1-0

[Event "Early-Titled-Tuesday-Blitz-May-28-2024"]
[Site "Chess.com"]
[Date "2024.05.28"]
[Round "10"]
[White "AradNazari"]
[Black "JonasEilenberg"]
[Result "0-1"]
[WhiteElo "2783"]
[BlackElo "2645"]
[TimeControl "180+1"]
[EndTime "9:58:18 PDT"]
[Termination "JonasEilenberg won by resignation"]

1. e4 c5 2. Nf3 Nc6 3. d4 cxd4 4.
Nxd4 Nf6 5. Nc3 e5 6. Ndb5 d6 7.
Nd5 Nxd5 8. exd5 Nb8 9. c4 Be7 10. Nc3 O-O 11. Be3 f5 12. f3 Nd7 13. Bd3 Bg5 14.
Bf2 Nc5 15. Be2 a5 16. O-O Bh4 17. g3 Bf6 18. a3 a4 19. Bxc5 dxc5 20. Nxa4 e4 21.
Rb1 Bd4+ 22. Kg2 f4 23. b4 Qd7 24. g4 exf3+ 25. Bxf3 Qxa4 26. Qxa4 Rxa4 27. Rb3 Re8 28. Rd1 Re3 29. Rxe3 fxe3 30. d6 Bd7 31. Bxb7 Rxa3 32. Bd5+ Kf8 33. Rf1+ Bf6 34. g5 e2 35. Re1 Bxg5 36.
b5 Bg4 37. b6 Bh4 38. b7 Rb3 39. d7 Ke7 40. Bc6 Bxe1 41. Bb5 Bg3 42. d8=Q+ Kxd8 43. hxg3 Kc7 0-1

[Event "Early-Titled-Tuesday-Blitz-May-28-2024"]
[Site "Chess.com"]
[Date "2024.05.28"]
[Round "10"]
[White "Smiechu"]
[Black "ValeriyGrinev"]
[Result "0-1"]
[WhiteElo "2444"]
[BlackElo "2582"]
[TimeControl "180+1"]
[EndTime "9:58:18 PDT"]
[Termination "ValeriyGrinev won by resignation"]

1. e4 c5 2. Nf3 Nc6 3. d4 cxd4 4. Nxd4 e5 5. Nb5 d6 6. N5c3 Nf6 7. Bg5 Be7 8. Bxf6 Bxf6 9. Nd5 Bg5 10. h4 Bxh4 11. Nbc3 Bg5 12. Nb5 O-O 13. Qh5 h6 14.
Rd1 a6 15. Nbc3 Nd4 16. Bd3 Be6 17. Ne2 Bxd5 18. exd5 Nxe2 19. Bxe2 Rc8 20. c3 f5 21. g3 e4 22. Rd4 b5 23. g4 Bf6 24. Rd2 Bg5 25. Rd4 Qf6 26. gxf5 Qxf5 27. Qh2 e3 28. f4 Bxf4 29. Qg2 Qb1+ 30. Rd1 Qxb2 31. Qe4 Qxc3+ 32.
Kf1 Bg5+ 33. Kg2 Rf2+ 34. Kg3 Rxe2 35. Rc1 Rc2 36. Qe6+ Kh8 37. Rxc2 Qxc2 38. Rf1 e2 39. Rf2 Qd3+ 40. Kg2 Rd8 41. Rxe2 Rf8 42. Kh2 Bf4+ 43. Kh1 Qd1+ 44. Re1 Qh5+ 45. Kg2 Qg5+ 46. Kh1 Qh4+ 47. Kg2 Qg3+ 48. Kf1 Bd2+ 49. Ke2 Qxe1+ 50. Kd3 Qxe6 0-1

[Event "Early-Titled-Tuesday-Blitz-May-28-2024"]
[Site "Chess.com"]
[Date "2024.05.28"]
[Round "10"]
[White "MaxLeto"]
[Black "IndianSchoolOfSuffering"]
[Result "0-1"]
[WhiteElo "2390"]
[BlackElo "2532"]
[TimeControl "180+1"]
[EndTime "9:58:19 PDT"]
[Termination "IndianSchoolOfSuffering won on time"]

1. e4 e5 2. Nf3 Nc6 3. Bb5 a6 4. Ba4 Nf6 5. O-O Be7 6. Re1 b5 7. Bb3 O-O 8. d3 Bb7 9. a3 d6 10. Nc3 Na5 11. Ba2 c5 12. Bg5 Nc6 13. Nd2 h6 14. Bxf6 Bxf6 15. Nf1 Nd4 16. Ne3 g6 17. Bd5 Ra7 18. Bxb7 Rxb7 19. Ncd5 Bg7 20. c3 Ne6 21. Qg4 Kh7 22. b4 Rb8 23. a4 h5 24. Qh3 Ra8 25.
Ra2 a5 26. axb5 axb4 27. Rxa8 Qxa8 28. cxb4 cxb4 29. Nc4 b3 30. Qe3 Nd4 31. Rb1 Qa2 32. Qe1 Nxb5 33. Ra1 Qc2 34. Nb4 Nd4 35. h3 Qe2 36. Qxe2 Nxe2+ 37. Kf1 Nd4 38. Nd5 Rb8 39. Rb1 f5 40. f3 Bh6 41. Ke1 Nc2+ 42. Ke2 Bg5 43. Na5 b2 44. Nc4 Bc1 45. Nc3 Na3 0-1

[Event "Early-Titled-Tuesday-Blitz-May-28-2024"]
[Site "Chess.com"]
[Date "2024.05.28"]
[Round "10"]
[White "ckgchess"]
[Black "GoltsevDmitry2000"]
[Result "0-1"]
[WhiteElo "2877"]
[BlackElo "2765"]
[TimeControl "180+1"]
[EndTime "9:58:20 PDT"]
[Termination "GoltsevDmitry2000 won by resignation"]

1. e4 e6 2. d4 d5 3. Nc3 c5 4.
exd5 exd5 5. dxc5 Nf6 6. Be3 Nc6 7. Bb5 Be7 8. Nge2 O-O 9. O-O a6 10. Bxc6 bxc6 11. h3 Bd7 12. b4 Qc8 13. Nd4 a5 14. a3 axb4 15. axb4 Rxa1 16. Qxa1 Bxh3 17. f3 Bd7 18.
Re1 Nh5 19. Nce2 Re8 20. Qc3 Bh4 21. Bf2 Bxf2+ 22. Kxf2 Qd8 23. Rh1 Qg5 24. Qd3 g6 25.
g3 Ng7 26. Nf4 Bf5 27. Qd2 Nh5 28. Nxf5 Qxf5 29. Nxh5 gxh5 30. Rh4 Qe5 31. c3 Qf5 32. Rh1 Re6 33. Re1 Kg7 34. Qd4+ Kg6 35. Re2 Qh3 36. Rxe6+ fxe6 37. Qe5 Qh2+ 38. Ke3 Qg1+ 39. Kd3 Qd1+ 40.
Ke3 Qe1+ 41. Kf4 Qd2+ 42. Qe3 e5+ 0-1

[Event "Early-Titled-Tuesday-Blitz-May-28-2024"]
[Site "Chess.com"]
[Date "2024.05.28"]
[Round "10"]
[White "GM_Huschenbeth"]
[Black "Boundless_Strike"]
[Result "1-0"]
[WhiteElo "2514"]
[BlackElo "2609"]
[TimeControl "180+1"]
[EndTime "9:58:20 PDT"]
[Termination "GM_Huschenbeth won by checkmate"]

1. e4 d6 2. d4 Nf6 3. Nc3 c6 4. f4 Qa5 5. Bd3 e5 6. Nf3 Nbd7 7. O-O Be7 8. Kh1 b5 9. Be3 O-O 10. Qd2 Qc7 11. dxe5 dxe5 12. fxe5 Ng4 13. e6 fxe6 14. Bg1 Bb7 15. Ne2 Nde5 16. Ned4 Qd6 17. Ng5 Rxf1 18. Rxf1 c5 19. Nxb5 Qc6 20. Nf3 Nxd3 21. Qxd3 c4 22. Qe2 Qxb5 23. Nd4 Qh5 24. Nxe6 Rc8 25. Nf4 Qg5 26.
Nd5 Bxd5 27. exd5 Bf6 28. Qe6+ Kf8 29. Qxc8+ Kf7 30. Qe6+ Kg6 31. Qe4+ Kh5 32. Rf5 h6 33.
Rxg5+ hxg5 34. d6 Be7 35. Qxe7 Nf6 36. d7 g4 37. d8=Q g3 38. Qh8+ Kg4 39. Qhxg7+ Kf5 40. Qgxf6+ Kg4 41. Qeg7+ Kh5 42. Qfg5# 1-0

[Event "Early-Titled-Tuesday-Blitz-May-28-2024"]
[Site "Chess.com"]
[Date "2024.05.28"]
[Round "10"]
[White "talaicito"]
[Black "EvgenyBurmakin"]
[Result "1-0"]
[WhiteElo "2270"]
[BlackElo "2331"]
[TimeControl "180+1"]
[EndTime "9:58:20 PDT"]
[Termination "talaicito won by resignation"]

1. d4 Nf6 2. Nc3 d5 3. Bf4 Bf5 4. e3 e6 5. Nf3 h6 6. Bd3 Bxd3 7. cxd3 a6 8. O-O Bd6 9. Qb3 Bxf4 10. exf4 b6 11.
Ne5 O-O 12. a4 c5 13. dxc5 bxc5 14. Qb7 Nbd7 15. Nc6 Qb6 16. Qxb6 Nxb6 17. a5 Nc8 18. Na4 Nd7 19. Rfc1 Re8 20. Nxc5 Nxc5 21. Rxc5 Nd6 22. b4 f6 23. g3 Kf7 24. Rac1 Rec8 25. f3 Ke8 26. Kf2 Kd7 27. Ke3 Nf5+ 28. Kd2 Nd6 29.
g4 Nb5 30. Ke3 Rc7 31. Nd4 Rxc5 32. bxc5 Nxd4 33. Kxd4 Rb8 34. f5 exf5 35. Kxd5 fxg4 36.
fxg4 Rb2 37. d4 Rxh2 38. Rb1 h5 39. Rb7+ Kc8 40. Rxg7 h4 41. Kc6 Kd8 42. d5 h3 43.
d6 Ke8 44. d7+ Kf8 45. Rh7 1-0

[Event "Early-Titled-Tuesday-Blitz-May-28-2024"]
[Site "Chess.com"]
[Date "2024.05.28"]
[Round "10"]
[White "hsd2016"]
[Black "HouseOfDurin"]
[Result "0-1"]
[WhiteElo "2413"]
[BlackElo "2286"]
[TimeControl "180+1"]
[EndTime "9:58:22 PDT"]
[Termination "HouseOfDurin won by checkmate"]

1. Nf3 g6 2. g3 Bg7 3. Bg2 c5 4.
O-O Nc6 5. c3 e5 6. e4 Nge7 7. Re1 O-O 8. Na3 d5 9. exd5 Nxd5 10.
Nc4 Re8 11. d3 h6 12. Bd2 b5 13. Ne3 Be6 14. Nxd5 Bxd5 15. Qc2 Rc8 16. Be3 Qd6 17. Rad1 Ne7 18. c4 Bxf3 19. Bxf3 b4 20. b3 f5 21. Qc1 Kh7 22. Bg2 g5 23. f4 exf4 24. gxf4 Bd4 25. fxg5 hxg5 26. Bxd4 Qxd4+ 27. Kh1 Qf6 28. Rd2 Ng6 29. Rxe8 Rxe8 30. Rf2 Nf4 31. h4 Qh6 32. Kg1 Qxh4 33. Bf1 Qg3+ 34. Bg2 Ne2+ 35. Rxe2 Rxe2 36. Qf1 Qxg2+ 37. Qxg2 Rxg2+ 38. Kxg2 Kg6 39. Kf3 g4+ 40. Kf4 Kf6 41. Ke3 Ke5 42. Kf2 f4 43. Ke2 Kd4 44.
Kd2 g3 45. Ke2 a5 46. Kf3 Kxd3 47. Kxf4 g2 48. Ke5 g1=Q 49. Kd6 Qd4+ 50. Kc6 Kc2 51. Kb5 Kb2 52. Kxa5 Kxa2 53. Ka4 Kb2 54. Kb5 Kxb3 55. Ka5 Kxc4 56. Ka4 Qa1# 0-1

[Event "Early-Titled-Tuesday-Blitz-May-28-2024"]
[Site "Chess.com"]
[Date "2024.05.28"]
[Round "10"]
[White "crazy_but_lazy"]
[Black "Chessmissile07"]
[Result "1-0"]
[WhiteElo "2687"]
[BlackElo "2817"]
[TimeControl "180+1"]
[EndTime "9:58:23 PDT"]
[Termination "crazy_but_lazy won by checkmate"]

1. d4 a6 2. e4 d5 3. exd5 Qxd5 4. c4 Qd8 5. Nc3 Nf6 6. h3 Bf5 7. Be3 e6 8. g4 Bg6 9. Bg2 c6 10. Nge2 Nbd7 11. Ng3 Bd6 12. Nge4 Nxe4 13. Nxe4 Bb4+ 14. Nc3 h5 15. Qb3 Qa5 16. O-O-O Bxc3 17. bxc3 O-O 18. f4 Nf6 19. Kb2 b5 20. c5 Qc7 21. Rdf1 Bd3 22. Rf2 a5 23. Qd1 Be4 24. g5 Nd5 25. Bxe4 Nxe3 26. Qxh5 g6 27. Qf3 Nc4+ 28. Ka1 b4 29. h4 Rfb8 30. h5 b3 31. axb3 Rxb3 32. hxg6 Ra3+ 33. Ra2 Rxa2+ 34. Kxa2 fxg6 35. Qh3 Qg7 36. Qxe6+ Kf8 37. Rh6 Re8 38. Qxc6 Nd2 39. Bd5 Re2 40.
Rxg6 Ne4+ 41. Ka3 Qe7 42. Rg8# 1-0

[Event "Early-Titled-Tuesday-Blitz-May-28-2024"]
[Site "Chess.com"]
[Date "2024.05.28"]
[Round "10"]
[White "PonyQueen07"]
[Black "Chernov_Mikhail"]
[Result "1-0"]
[WhiteElo "2080"]
[BlackElo "2263"]
[TimeControl "180+1"]
[EndTime "9:58:23 PDT"]
[Termination "PonyQueen07 won by checkmate"]

1. c4 Nf6 2. Nc3 e5 3. g3 d6 4.
Bg2 Nbd7 5. e4 a5 6. Nge2 Nc5 7.
d3 Bg4 8. O-O Qd7 9. Be3 b6 10.
f3 Bh3 11. d4 Bxg2 12. Kxg2 exd4 13. Nxd4 Be7 14. Nf5 O-O 15. Bg5 Ne6 16. Qd2 Nxg5 17. Qxg5 g6 18. Nxe7+ Qxe7 19. Nd5 Nxd5 20. Qxd5 Qe6 21.
Rfd1 Qxd5 22. cxd5 a4 23. Rac1 a3 24. b3 Ra7 25.
Rc6 Rb8 26. Rdc1 Rbb7 27. f4 f6 28. Kf3 Kf7 29. g4 Ke7 30. e5 fxe5 31. fxe5 Kd7 32.
e6+ Ke7 33. Kg3 b5 34. Rf1 Rb8 35. Rf7+ Ke8 36. Rxh7 Kf8 37. Rh8+ Kg7 38. Rxb8 Ra5 39. Rxc7+ Kf6 40. e7 b4 41. e8=Q Rxd5 42. Qf7+ Kg5 43. Qxd5+ Kh6 44. Rh8# 1-0

[Event "Early-Titled-Tuesday-Blitz-May-28-2024"]
[Site "Chess.com"]
[Date "2024.05.28"]
[Round "10"]
[White "FMStan15"]
[Black "Chernov_Alexander_A"]
[Result "1-0"]
[WhiteElo "2152"]
[BlackElo "2263"]
[TimeControl "180+1"]
[EndTime "9:58:23 PDT"]
[Termination "FMStan15 won on time"]

1. e4 e5 2. Nf3 Nc6 3. Bb5 Bc5 4. c3 Nf6 5. d3 O-O 6. Bg5 Qe7 7. O-O d6 8. Bxc6 bxc6 9. d4 Bb6 10. dxe5 dxe5 11. h3 Qe6 12. Nbd2 Nd7 13. Qe2 a5 14. c4 f6 15. Be3 a4 16. b3 c5 17. Ne1 Nb8 18.
Nd3 Qe7 19. f4 Nc6 20. fxe5 fxe5 21. Rxf8+ Kxf8 22. Rf1+ Kg8 23. Qf2 Nd4 24. Bxd4 cxd4 25. Qg3 axb3 26. axb3 Ra2 27. Nf3 Ra3 28. Rb1 c5 29. Qxe5 Qxe5 30. Nfxe5 Be6 31. Nf4 Bc7 32. Nxe6 Bxe5 33. Nxc5 Bg3 34. Nd3 Ra2 35. b4 Rd2 36.
Ne1 d3 37. Nf3 Rc2 38. c5 d2 39. Nxd2 Rxd2 40. b5 Bf2+ 41. Kf1 Bxc5 42. Rc1 Bd4 43. Rc8+ Kf7 44. Rd8 Be3 45. Rc8 Rf2+ 46. Ke1 Rxg2 47. Rc7+ Kf6 48. b6 1-0

[Event "Early-Titled-Tuesday-Blitz-May-28-2024"]
[Site "Chess.com"]
[Date "2024.05.28"]
[Round "10"]
[White "NiranjanNavalgund"]
[Black "Yaacovn"]
[Result "1-0"]
[WhiteElo "2524"]
[BlackElo "2851"]
[TimeControl "180+1"]
[EndTime "9:58:24 PDT"]
[Termination "NiranjanNavalgund won by resignation"]

1. d4 Nf6 2. c4 e5 3. dxe5 Ne4 4. Qc2 Bb4+ 5. Nd2 d5 6. Nf3 Bf5 7. Qb3 Bxd2+ 8. Nxd2 Nd7 9. cxd5 O-O 10. Qf3 Nxd2 11.
Bxd2 Bg6 12. Bc3 Qe7 13. Qg3 Nb6 14. Rd1 Rad8 15. d6 cxd6 16. exd6 Qe6 17. e3 Qxa2 18.
Be2 Na4 19. Qe5 Nxc3 20. Qxc3 Rc8 21. Qa3 Qxa3 22. bxa3 Rfd8 23. Bf3 b6 24. O-O Kf8 25. Rd4 Rc3 26. a4 Rd3 27. Rd1 Rxd1+ 28. Rxd1 Bc2 29. Rd4 f6 30. Bc6 Bb3 31. f4 Kf7 32. Rd3 Bc4 33.
Rc3 Be6 34. Rd3 Bf5 35. e4 Bd7 36. Bd5+ Be6 37. Bc6 Bd7 38. Bd5+ Be6 39. e5 fxe5 40. fxe5 Bxd5 41. Rxd5 Ke6 42. Rb5 Rc8 43. Kf2 Rc2+ 44. Kf3 Ra2 45. a5 bxa5 46. Ke4 Ra4+ 47. Kd3 Ra1 48. Kd2 a4 49. Ra5 g6 50. Rxa7 a3 51. Re7+ Kf5 52. d7 a2 53. d8=Q Rd1+ 54. Kxd1 a1=Q+ 55. Ke2 Qa6+ 56. Qd3+ 1-0

[Event "Early-Titled-Tuesday-Blitz-May-28-2024"]
[Site "Chess.com"]
[Date "2024.05.28"]
[Round "10"]
[White "Flaccidmoves"]
[Black "chess_blitz00"]
[Result "0-1"]
[WhiteElo "2477"]
[BlackElo "2335"]
[TimeControl "180+1"]
[EndTime "9:58:25 PDT"]
[Termination "chess_blitz00 won by checkmate"]

1. d4 c5 2. d5 e6 3. c4 Nf6 4. Nc3 d6 5. e4 Be7 6. Nf3 O-O 7. Be2 Re8 8. O-O exd5 9. cxd5 Bf8 10. Nd2 Bd7 11. a4 Na6 12. Re1 Nc7 13. Bf1 b6 14.
Nc4 Rb8 15. Bf4 Bc8 16. h3 Ba6 17. Bh2 Bxc4 18. Bxc4 a6 19. Qd3 b5 20. axb5 axb5 21. Nxb5 Nxb5 22. Bxb5 Rxe4 23. Rxe4 Nxe4 24. Bc6 Nf6 25. Bf4 Rxb2 26. Bg5 h6 27. Bh4 g5 28.
Bg3 Nh5 29. Ra7 Nxg3 30. fxg3 Qf6 31. Qf3 Qxf3 32. gxf3 c4 33. Be8 c3 34. Bxf7+ Kh8 35. Bg6 c2 36. Bxc2 Rxc2 37. Rf7 Bg7 38. Rf5 Bd4+ 39. Kf1 Kg7 40. f4 gxf4 41. Rxf4 Be5 42. Rg4+ Kf7 43. Rh4 Kg6 44. Rg4+ Kf5 45. Rh4 Bxg3 46.
Rxh6 Be5 47. h4 Rh2 48. h5 Kg5 49. Rh7 Rxh5 50. Ra7 Kf5 51. Ke2 Ke4 52. Ra4+ Bd4 53. Ra3 Rxd5 54. Rh3 Rf5 55. Rg3 Rf4 56. Kd1 Be3 57.
Rg6 Bd4 58. Rg2 Rf3 59. Rg4+ Kd3 60. Ke1 Bc3+ 61. Kd1 Rf1# 0-1

[Event "Early-Titled-Tuesday-Blitz-May-28-2024"]
[Site "Chess.com"]
[Date "2024.05.28"]
[Round "10"]
[White "ailime26"]
[Black "romulocardoso"]
[Result "0-1"]
[WhiteElo "2041"]
[BlackElo "2312"]
[TimeControl "180+1"]
[EndTime "9:58:25 PDT"]
[Termination "romulocardoso won by checkmate"]

1. c4 c5 2. Nf3 Nc6 3. g3 g6 4. Bg2 Bg7 5. O-O e5 6. d3 Nge7 7. Be3 d6 8. Nbd2 O-O 9. Qb3 Qb6 10. Ne4 Rd8 11. Bg5 h6 12. Be3 f5 13. Ned2 g5 14. Qxb6 axb6 15. Nb3 f4 16. Bd2 Ng6 17. Bc3 g4 18.
Nfd2 h5 19. Be4 Kf7 20. Bd5+ Be6 21. Bxe6+ Kxe6 22. Ne4 Nd4 23. Nxd4+ cxd4 24. Bd2 h4 25. gxf4 exf4 26. h3 g3 27. fxg3 fxg3 28. Ng5+ Ke5 29. Nf7+ Ke6 30. Nxd8+ Rxd8 31. Kg2 Be5 32. Rf3 Ra8 33.
a3 b5 34. cxb5 Kd5 35. b4 Rc8 36. Ra2 b6 37. a4 Rb8 38. Rf7 Ke6 39. Rc7 Bf4 40.
Kf3 Bxd2 41. Rxd2 Rf8+ 42. Kg2 Rf2+ 43. Kg1 Nf4 44. Rh7 Nxh3+ 45. Kh1 Rh2# 0-1

[Event "Early-Titled-Tuesday-Blitz-May-28-2024"]
[Site "Chess.com"]
[Date "2024.05.28"]
[Round "10"]
[White "youngKID"]
[Black "OparinGrigoriy"]
[Result "1-0"]
[WhiteElo "2907"]
[BlackElo "3036"]
[TimeControl "180+1"]
[EndTime "9:58:27 PDT"]
[Termination "youngKID won on time"]

1. d4 Nf6 2. Nf3 e6 3. Bf4 d5 4. e3 c5 5. Nbd2 Nc6 6. c3 cxd4 7. exd4 Nh5 8. Be3 Bd6 9. Bd3 Nf4 10. Bxf4 Bxf4 11. O-O O-O 12. Re1 g6 13. Nf1 Kh8 14.
g3 Bh6 15. Ne3 Bg7 16. h4 f6 17. c4 dxc4 18. Bxc4 Qd6 19. Ng2 Bd7 20. Rc1 Rae8 21.
Rc2 Na5 22. Bd3 Rc8 23. Rce2 Nc6 24. Nf4 Nxd4 25. Nxd4 Qxd4 26. Bxg6 Qxd1 27. Rxd1 Ba4 28. b3 e5 29. bxa4 exf4 30. Bf5 Rcd8 31. Rxd8 Rxd8 32.
Re7 fxg3 33. fxg3 Kg8 34. Rxb7 Bf8 35. Bxh7+ Kh8 36. Bf5 Rd2 37. Be6 Bc5+ 38. Kh1 Re2 39. Bc4 1-0

[Event "Early-Titled-Tuesday-Blitz-May-28-2024"]
[Site "Chess.com"]
[Date "2024.05.28"]
[Round "10"]
[White "bubeliang"]
[Black "AnishOnYoutube"]
[Result "0-1"]
[WhiteElo "2796"]
[BlackElo "3027"]
[TimeControl "180+1"]
[EndTime "9:58:27 PDT"]
[Termination "AnishOnYoutube won by checkmate"]

1. d4 Nf6 2. Nc3 d5 3. Bf4 Bf5 4. e3 e6 5. Nb5 Na6 6. Nf3 Be7 7. Be2 c6 8. Nc3 Qb6 9. Rb1 Nb4 10. Bd3 Nxd3+ 11.
cxd3 Nd7 12. O-O O-O 13. Ne5 Nxe5 14. Bxe5 Bg6 15. Qd2 a5 16. b3 Rfd8 17. Rfc1 Qa6 18. Rd1 b5 19. Rbc1 a4 20. bxa4 b4 21. Ne2 Qxa4 22.
h3 Ra6 23. Rc2 Rda8 24. Rdc1 Qb5 25. Nf4 f6 26. Nxg6 hxg6 27. Bg3 Kf7 28. Kh2 Rb6 29.
Bc7 Rba6 30. Bg3 Qb7 31. Qe2 Rb6 32. e4 Ra3 33. Re1 Qd7 34. exd5 Qxd5 35. Qg4 Rxa2 36. Rc4 b3 37. Rb1 b2 38. Qe2 Ba3 39. Qc2 Ra1 40.
Ra4 Qb3 41. Qxb3 Rxb3 42. Ra7+ Kg8 43. Rxb2 Bxb2 44. Bd6 Rxa7 45. Bc5 Rd7 46. Bd6 Rxd6 47. g3 Bxd4 48. Kg2 Rb2 49. h4 Rxf2+ 50. Kh3 Rh2+ 51. Kg4 f5+ 52. Kf4 Rf2+ 53. Kg5 Kf7 54.
h5 Bf6# 0-1

[Event "Early-Titled-Tuesday-Blitz-May-28-2024"]
[Site "Chess.com"]
[Date "2024.05.28"]
[Round "10"]
[White "Shankland"]
[Black "Iball95"]
[Result "1-0"]
[WhiteElo "2992"]
[BlackElo "2853"]
[TimeControl "180+1"]
[EndTime "9:58:28 PDT"]
[Termination "Shankland won on time"]

1. e4 c5 2. Nf3 e6 3. d4 cxd4 4.
Nxd4 Nf6 5. Nc3 Nc6 6. Ndb5 Bc5 7. Bf4 O-O 8. Bc7 Qe7 9. Bd6 Bxd6 10. Qxd6 Qd8 11.
O-O-O a6 12. Nd4 Ne7 13. h4 Ne8 14. Qg3 b5 15. h5 Bb7 16. h6 g6 17. Nb3 Rc8 18.
a3 Qc7 19. Qd3 d5 20. Kb1 Nf6 21. exd5 Nexd5 22. Nxd5 Bxd5 23. Rc1 Rfd8 24. Qe3 Ng4 25. Qd4 f5 26. Qb4 Nxf2 27. Rh4 Be4 28. Bd3 Qg3 29. Qe7 Qe5 30. Nc5 Re8 31. Qd7 Bxd3 32. cxd3 Qc7 33. Rd4 Re7 34. Qd6 Qxd6 35. Rxd6 Rec7 36. b4 a5 37. Rxe6 axb4 38. axb4 Ng4 39. Rb6 Nxh6 40. Rxb5 Nf7 41. Rb6 Rd8 42. Kb2 Ne5 43. Rc3 Kf7 44.
Ne6 Rxc3 45. Nxd8+ 1-0

[Event "Early-Titled-Tuesday-Blitz-May-28-2024"]
[Site "Chess.com"]
[Date "2024.05.28"]
[Round "10"]
[White "AryanTari"]
[Black "js20000"]
[Result "1-0"]
[WhiteElo "3034"]
[BlackElo "2713"]
[TimeControl "180+1"]
[EndTime "9:58:28 PDT"]
[Termination "AryanTari won by resignation"]

1. c4 Nf6 2. Nc3 d6 3. d4 e5 4.
Nf3 Nc6 5. Bg5 Be7 6. e3 Bg4 7. Be2 Nd7 8. Bxe7 Qxe7 9. Nxe5 Ndxe5 10. Bxg4 Nxc4 11. Nd5 Qd8 12. Qc2 Nb6 13. Qe4+ Kf8 14. Nc3 g6 15. O-O Kg7 16. Be2 d5 17. Qc2 Ne7 18. Bf3 c6 19. a4 a5 20. Qb3 Rb8 21. Rad1 Nbc8 22. e4 dxe4 23. Bxe4 Nd6 24. Bf3 Re8 25.
d5 c5 26. Nb5 Nef5 27. Nxd6 Qxd6 28. Qc3+ Nd4 29. Qxa5 Re5 30. Qc3 Rd8 31. Rd3 Kg8 32. Rfd1 Rxd5 33. Kf1 Re5 34. b4 b6 35. a5 Qd7 36.
axb6 Qb5 37. bxc5 Rxc5 38. Qd2 Rc2 39. Qe3 Nf5 40. Qe4 Rxd3 41. Qxd3 Qxd3+ 42. Rxd3 Rb2 43.
Rd8+ Kg7 44. b7 Nd4 45. Rxd4 1-0

[Event "Early-Titled-Tuesday-Blitz-May-28-2024"]
[Site "Chess.com"]
[Date "2024.05.28"]
[Round "10"]
[White "SoyuzTM4"]
[Black "Shivananda1964"]
[Result "0-1"]
[WhiteElo "2218"]
[BlackElo "2392"]
[TimeControl "180+1"]
[EndTime "9:58:28 PDT"]
[Termination "Shivananda1964 won by checkmate"]

1. e4 c5 2. Nf3 d6 3. d4 cxd4 4. c3 dxc3 5. Nxc3 Nf6 6. Bc4 e6 7. O-O Be7 8. Qe2 O-O 9. Rd1 Nbd7 10. Bf4 Ne8 11. Rac1 a6 12. a4 Qa5 13. h3 Ne5 14. Ba2 Bf6 15. Nd4 Bd7 16. Be3 Rc8 17. Nb3 Qd8 18.
a5 Nc4 19. Bd4 Nxa5 20. Bxf6 gxf6 21. Rd3 Kh8 22. Nd4 Nc4 23. Rg3 Qb6 24. Nb3 Ne5 25. Kh1 Bb5 26. Nxb5 Rxc1+ 27. Nxc1 Qxb5 28. Qxb5 axb5 29. Nb3 Nc7 30. Nd4 Nc6 31. Rc3 Nxd4 32. Rxc7 Kg7 33. Kh2 Ra8 34. Bb1 Ra1 35. Bd3 Rd1 36. Bxb5 Nxb5 37. Rxb7 Nd4 38. b4 Rb1 39. Rb6 e5 40.
Rxd6 Rxb4 41. f3 Rb2 42. Kg3 Ne2+ 43. Kf2 Nf4+ 44. Ke3 Re2# 0-1

[Event "Early-Titled-Tuesday-Blitz-May-28-2024"]
[Site "Chess.com"]
[Date "2024.05.28"]
[Round "10"]
[White "NastyaHn"]
[Black "Szachulec75"]
[Result "1-0"]
[WhiteElo "2451"]
[BlackElo "2184"]
[TimeControl "180+1"]
[EndTime "9:58:29 PDT"]
[Termination "NastyaHn won by resignation"]

1. Nc3 Nf6 2. e4 d6 3. d4 c6 4. f4 Qb6 5. Nf3 Bg4 6. Be2 Nbd7 7. h3 Bxf3 8. Bxf3 e5 9. dxe5 dxe5 10. Qe2 Bb4 11.
Be3 Qa5 12. O-O O-O 13. Nd1 Bc5 14. f5 Rad8 15. c3 Bxe3+ 16. Nxe3 Qb6 17. Kh2 Nc5 18. Nc4 Qc7 19. b4 Na4 20. Qc2 b5 21. Ne3 c5 22.
Rac1 c4 23. Nd5 Nxd5 24. exd5 Rd6 25. Be4 f6 26. Rf2 Nb6 27. Rd2 Qf7 28. Rcd1 Rfd8 29. Qb2 Qh5 30. Qa3 Qg5 31. Kh1 Na4 32. Bc2 e4 33.
Bxe4 Qe3 34. Bf3 Qxc3 35. Qxc3 Nxc3 36. Re1 Kf7 37. Re6 R8d7 38. Re1 Na4 39. Rde2 c3 40. Rc1 Re7 41. Re6 Red7 42. Kg1 Rd8 43. Kf2 Rxe6 44. fxe6+ Ke7 45. Ke3 Kd6 46. Kd4 Rc8 47. Be2 a6 48.
Bd1 Rc4+ 49. Kd3 Nb2+ 50. Kc2 Kxd5 51. e7 Re4 52. Bf3 Ke6 53. Bxe4 Kxe7 54. Kxc3 1-0